 Dungeon Crawl Stone Soup version 0.26.1-2-gb8aa6d0cf2 (webtiles) character file.

Game seed: 2957304051851197374

1605 Gnirx the Geomancer (level 8, -8/41 HPs)
             Began as a Gargoyle Earth Elementalist on Feb 20, 2021.
             Was a Believer of Vehumet.
             Mangled by an ice beast (14 damage)
             ... on level 7 of the Dungeon.
             The game lasted 00:15:18 (9435 turns).

Gnirx the Geomancer (Gargoyle Earth Elementalist)   Turns: 9435, Time: 00:15:18

Health: -8/41      AC: 11    Str: 11    XL:     8   Next: 94%
Magic:  14/17      EV: 12    Int: 19    God:    Vehumet [**....]
Gold:   205        SH:  0    Dex: 10    Spells: 13/19 levels left

rFire    + . .     SeeInvis .   s - +0 mace
rCold    . . .     Faith    .   (no shield)
rNeg     + . .     Spirit   .   c - +0 robe
rPois    ∞         Reflect  .   G - +0 helmet
rElec    +         Harm     .   j - +0 cloak
rCorr    .         Rampage  .   D - +0 pair of gloves
Will     .....                  o - +0 pair of boots {Fly}
Stlth    ++........             (no amulet)
HPRegen  0.13/turn              C - ring of protection from fire
MPRegen  0.15/turn              (no ring)

@: no status effects
A: negative energy resistance 1, electricity resistance, unbreathing,
petrification resistance, miasma immunity, AC +5
a: Renounce Religion, Evoke Flight


You were on level 7 of the Dungeon.
You worshipped Vehumet.
Vehumet was pleased with you.
You visited 2 branches of the dungeon, and saw 9 of its levels.

You collected 400 gold pieces.
You spent 195 gold pieces at shops.

Inventory:

Hand Weapons
 i - a +1 short sword of venom
 s - a +0 mace (weapon)
 A - a +0 shortbow
Missiles
 b - 102 stones
 d - 115 arrows
Armour
 c - a +0 robe (worn)
 j - a +0 cloak (worn)
 o - a +0 pair of boots of flying (worn)
 D - a +0 pair of gloves (worn)
 G - a +0 helmet (worn)
Jewellery
 m - a cursed amulet of inaccuracy
 C - a ring of protection from fire (left hand)
Wands
 p - a wand of flame (57)
 t - a wand of acid (18)
 F - a wand of iceblast (9)
Scrolls
 h - a scroll of teleportation
 v - a scroll of enchant weapon {unknown}
 x - a scroll of remove curse
 y - a scroll of fog {unknown}
 B - a scroll of fear {unknown}
Potions
 a - 2 potions of might
 e - 3 potions of mutation
 f - 2 potions of attraction
 g - 4 potions of flight
 k - a potion of cancellation
 l - 3 potions of lignification
 n - a potion of resistance {unknown}
 q - a potion of brilliance
 r - a potion of ambrosia
 u - 5 potions of heal wounds
 w - a potion of degeneration {unknown}
 z - 4 potions of curing {unknown}
 E - a potion of invisibility {unknown}


   Skills:
 - Level 1.5 Dodging
 - Level 2.1 Stealth
 + Level 6.1 Spellcasting
 - Level 0.7 Transmutations
 + Level 11.1 Earth Magic


You had 13 spell levels left.
You knew the following spells:

 Your Spells              Type           Power        Failure   Level
a - Sandblast             Erth           96%          1%          1
b - Passwall              Tmut/Erth      23%          1%          2
c - Stone Arrow           Conj/Erth      52%          3%          3

Your spell library contained the following spells:

 Spells                   Type           Power        Failure   Level
 Searing Ray              Conj           10%          17%         2
 Lee's Rapid Deconstruct  Erth           24%          3%          5
 Petrify                  Tmut/Erth      28%          10%         4
 Corona                   Hex            5%           11%         1
 Shock                    Conj/Air       20%          11%         1
 Leda's Liquefaction      Hex/Erth       13%          11%         4
 Slow                     Hex            5%           17%         2
 Swiftness                Air            5%           17%         2
 Inner Flame              Hex/Fire       5%           32%         3
 Portal Projectile        Hex/Tloc       10%          32%         3
 Static Discharge         Conj/Air       5%           32%         3
 Airstrike                Air            2%           73%         4
 Cause Fear               Hex            2%           73%         4
 Lightning Bolt           Conj/Air       2%           97%         5


Dungeon Overview and Level Annotations

Branches:
Dungeon (8/15)             Temple (1/1) D:4
   Lair: D:8-11

Altars:
Ashenzari
Cheibriados
Gozag
Hepliaklqana
Kikubaaqudgha
Makhleb
Nemelex Xobeh
Okawaru
Ru
Sif Muna
Trog
Uskayaw
Vehumet
Wu Jian
Zin
Lugonu

Shops:
D:4 [

Annotations:
D:5 1 runed translucent door, Crazy Yiuf


Innate Abilities, Weirdness & Mutations

You are resistant to torment.
Your stone body is resilient. (AC +5)
You are immune to poison.
You resist negative energy. (rN+)
You are resistant to electric shocks. (rElec)
You can survive without breathing.
You are immune to petrification.
You are immune to miasma.


Message History

Vehumet accepts your kill.
Your Spellcasting skill increases to level 6!
You barely miss the ice beast. The ice beast hits you.
The ice beast freezes you!
Aiming: Sandblast (safe; 1% risk of failure)
Press: ? - help, Q - select action, (/) - cycle Shift-Dir - straight line, f/p - ice beast
Aim: an ice beast (17% to evade)
The blast of sand hits the ice beast!
The ice beast is heavily wounded.
The ice beast hits you. The ice beast freezes you!
* * * LOW HITPOINT WARNING * * *
Aiming: Sandblast (safe; 1% risk of failure)
Press: ? - help, Q - select action, (/) - cycle Shift-Dir - straight line, f/p - ice beast
Aim: an ice beast (heavily wounded, 17% to evade)
The blast of sand hits the ice beast!
The ice beast is almost dead.
The ice beast hits you.
* * * LOW HITPOINT WARNING * * *
The ice beast freezes you!
You die...

#...# ##.#. #####...######
###.. .............#
###.#.. .......†.....#
###.#..#. .............#
###.#).#.##
.####...####.#+#.#.)#.###.
###...####.#.#..#.###...
#.......##....#.###...##
#...#...#@####..###...#..#
##......#Y# #### ########
##.#####.# #..............
#........#####. #.####.#.#
.. .. .#. .## ... .#


You could see an ice beast.

Vanquished Creatures
  An orc warrior (D:7)
  An ice beast (D:7)
  A black bear (D:6)
  2 sky beasts
  2 ogres
  A centaur (D:5)
  A bullfrog (D:7)
  2 centaur zombies
  A quasit (D:4)
  3 orc priests
  6 orc wizards
  Ijyb (D:3)
  An iguana (D:4)
  5 worker ants
  A worker ant zombie (D:5)
  12 adders
  7 river rats (D:5)
  2 adder skeletons (D:5)
  A dart slug (D:1)
  8 leopard geckos
  25 orcs
  9 bats
  4 giant cockroaches
  5 goblins
  6 hobgoblins
  2 jackals (D:2)
  11 quokkas
  A ball python (D:4)
  5 frilled lizards
  A jackal skeleton (D:5)
  10 kobolds
  A quokka zombie (D:6)
  22 rats
161 creatures vanquished.

Vanquished Creatures (others)
  3 withered plants (D:2)
3 creatures vanquished.

Grand Total: 164 creatures vanquished

Notes
Turn   | Place    | Note
-------+----------+-------------------------------------------
     0 | D:1      | Gnirx the Gargoyle Earth Elementalist began the quest for
                  | the Orb.
     0 | D:1      | Reached XP level 1. HP: 10/10 MP: 3/3
   122 | D:1      | Reached skill level 4 in Earth Magic
   125 | D:1      | Reached XP level 2. HP: 4/15 MP: 1/5
  2136 | D:2      | Reached skill level 5 in Earth Magic
  2136 | D:2      | Reached XP level 3. HP: 19/19 MP: 6/6
  2385 | D:2      | You fall into a shaft and drop 1 floor!
  2494 | D:2      | Found an ancient bone altar of Kikubaaqudgha.
  2554 | D:2      | Reached XP level 4. HP: 22/24 MP: 7/7
  2686 | D:2      | Reached skill level 6 in Earth Magic
  2778 | D:2      | Found a sparkling altar of Nemelex Xobeh.
  2779 | D:2      | Found an opulent altar of Gozag.
  3156 | D:3      | Noticed Ijyb
  3169 | D:3      | Killed Ijyb
  3328 | D:3      | Reached XP level 5. HP: 25/28 MP: 8/8
  3424 | D:3      | Found a burning altar of Makhleb.
  3478 | D:3      | Reached skill level 7 in Earth Magic
  4855 | D:4      | Reached XP level 6. HP: 26/32 MP: 3/9
  4995 | D:4      | Reached skill level 8 in Earth Magic
  5554 | D:4      | Found Qekoan's Antique Armour Emporium.
  5574 | D:4      | Bought a pair of embroidered boots for 195 gold pieces
  5583 | D:4      | Found a staircase to the Ecumenical Temple.
  5608 | Temple   | Entered the Ecumenical Temple
  5626 | Temple   | Became a worshipper of Vehumet
  5998 | D:5      | Entered Level 5 of the Dungeon
  6006 | D:5      | Reached skill level 9 in Earth Magic
  6025 | D:4      | Reached XP level 7. HP: 25/36 MP: 8/10
  6334 | D:5      | Found a sacrificial altar of Ru.
  6629 | D:5      | Reached skill level 10 in Earth Magic
  6813 | D:5      | Found a runed translucent door.
  6814 | D:5      | Noticed Crazy Yiuf
  7539 | D:5      | Reached XP level 8. HP: 41/41 MP: 10/14
  7585 | D:5      | Reached * piety under Vehumet
  7585 | D:5      | Offered knowledge of Magic Dart by Vehumet.
  7896 | D:5      | Learned a level 2 spell: Passwall
  7900 | D:5      | Learned a level 3 spell: Stone Arrow
  8751 | D:6      | Found an ornate altar of the Wu Jian Council.
  8839 | D:6      | Reached skill level 5 in Spellcasting
  9103 | D:6      | Found an iron altar of Okawaru.
  9159 | D:6      | You fall into a shaft and drop 2 floors!
  9237 | D:7      | Offered knowledge of Searing Ray by Vehumet.
  9250 | D:7      | Reached ** piety under Vehumet
  9314 | D:7      | Reached skill level 11 in Earth Magic
  9435 | D:7      | Mangled by an ice beast

Illustrated notes

Levels and vault maps discovered:
D:1:      dpeg_arrival_tiny_a, layout_basic
D:2:      layout_loops_ring, grunt_temple_overflow_opulence,
          kiku_gazebo_garden_becter
D:3:      layout_loops_ring, lemuel_crystal_altar, uniq_ijyb
D:4:      layout_basic, minmay_temple_entry_drinking_statues, serial_shops,
          shop, kennysheep_generic_room_15
D:5:      lemuel_ratsnest, layout_basic, nicolae_ru_awakened_eye,
          uniq_crazy_yiuf_cottage
D:6:      layout_gridville, kennysheep_mini_moat, lemuel_doored_altar,
          grunt_ministairs_2, uniq_edmund, uniq_eustachio, uniq_maggie
D:7:      minmay_razor_zed, layout_loops_cross, gammafunk_temple_overflow_claw,
          nicolae_ossuary_entry_false_entrances, lightli_corner_chamber
D:8:      nzn_winding_woodlands_stair_cross
          [nzn_winding_woodlands_5x15_sawtooth,
          nzn_winding_woodlands_center_diamonds,
          nzn_winding_woodlands_5x15_twine, nzn_winding_woodlands_5x5_three,
          nzn_winding_woodlands_5x5_default, nzn_winding_woodlands_5x15_default,
          nzn_winding_woodlands_center_pierced_h,
          nzn_winding_woodlands_5x15_lazy_stream], layout_loops_cross,
          chequers_temple_overflow_statue_of_worship, minmay_misc_feat_rugged,
          kennysheep_flooded_box
Temple:   corrupted_temple

Skill      XL: |  1  2  3  4  5  6  7  8 |
---------------+-------------------------+-----
Earth Magic    | 4 5 6 7 9 10 11 | 11.1
Spellcasting   | 4 6 |  6.1
Dodging        | |  1.5
Stealth        | |  2.1
Transmutations | |  0.7

Action                   |  1- 3 |  4- 6 |  7- 9 || total
-------------------------+-------+-------+-------++-------
Melee: Unarmed           |   100 |       |       ||   100
       Short sword       |    45 |    84 |       ||   129
       Mace              |       |   133 |   395 ||   528
 Cast: Sandblast         |     5 |    17 |    44 ||    66
 Abil: Stop Flying       |       |     1 |       ||     1
  Use: Scroll            |     3 |    10 |     2 ||    15
 Stab: Sleeping          |     3 |       |     1 ||     4
Armor: Robe              |    48 |    99 |   219 ||   366
Dodge: Dodged            |   126 |   185 |   333 ||   644
